 Dungeon Crawl Stone Soup version 0.31.0-11-ge490571c62 (console) character file.

Game seed: 13373118887928480087

2 zenocrate the Sneak (level 1, -9/14 HPs)
             Began as a Kobold Delver on Feb 6, 2024.
             Killed by psychic fangs
             ... invoked by a brain worm
              (14 damage)
             ... on level 5 of the Dungeon.
             The game lasted 00:00:14 (93 turns).

zenocrate the Sneak (Kobold Delver)                   Turns: 93, Time: 00:00:14

Health: -9/14      AC:  3    Str:  9    XL:     1   Next: 44%
Magic:  0/1        EV: 14    Int: 11    God:
Gold:   29         SH:  0    Dex: 16    Spells: 0/0 levels left

rFire   . . .        a - +0 short sword
rCold   . . .        (no shield)
rNeg    . . .        b - +0 leather armour
rPois   .            (no helmet)
rElec   .            (no cloak)
rCorr   .            (no gloves)
SInv    .            (no boots)
Will    .....        (no amulet)
Stlth   ++++         (no ring)
HPRegen 0.22/turn    (no ring)
MPRegen 0.07/turn

%: no passive effects
@: no status effects
A: small, no large weapons, nightstalker 3
a: no special abilities


You were on level 5 of the Dungeon.
You visited 1 branch of the dungeon, and saw 1 of its levels.

You collected 29 gold pieces.

Inventory:

Hand Weapons
 a - a +0 short sword (weapon)
Armour
 b - a +0 leather armour (worn)
Wands
 g - a wand of digging (3)
Scrolls
 c - a scroll of fog
 d - a scroll of revelation
 e - a scroll of fear
 i - a scroll of noise {unknown}
Potions
 f - a potion of haste
 h - a potion of curing {unknown}


   Skills:
 - Level 3.2 Fighting
 + Level 2.8 Short Blades
 + Level 2.5 Dodging
 + Level 6.6 Stealth


You couldn't memorise any spells.
You didn't know any spells.
Your spell library was empty.

Dungeon Overview and Level Annotations

Branches:
Dungeon (5/15)
 Temple: D:4-7

Altars:
Cheibriados
Xom
The Shining One


Innate Abilities, Weirdness & Mutations

You are small and have problems with some larger weapons.
You are completely attuned to the shadows.


Message History

h - a fuming puce potion No target in view!
Found a glowing golden altar of the Shining One.
No target in view!
Found a leather armour.
i - a scroll labelled WAISIR KAELABLY No target in view!
A ribbon worm comes into view.
Found a snail-covered altar of Cheibriados.
The helpless ribbon worm fails to defend itself.
You impale the ribbon worm!!
You kill the ribbon worm!
No target in view!
No target in view!
No target in view!
No target in view!
There is a snail-covered altar of Cheibriados here.
A brain worm comes into view.
Found a shimmering altar of Xom.
The brain worm's throbbing head pulsates.
Something gnaws on your mind!
You feel your power leaking away.
A brain worm is nearby!
A brain worm is nearby!
You barely miss the brain worm. The brain worm bites you.
You are too injured to fight recklessly!
Unknown command.
You hit the brain worm but do no damage.
The brain worm bites you.
You are too injured to fight recklessly!
You hit the brain worm.
The brain worm is lightly wounded.
The brain worm closely misses you.
Unknown command.
You hit the brain worm. You punch the brain worm.
The brain worm is moderately wounded.
The brain worm's throbbing head pulsates.
Something gnaws heavily on your mind!
Ouch! That really hurt!
You die...

#########
###.......#
#.....###.##
#.....# #..#
###.....####.#
#...........#.####
##......b.....@....
#......_......♣w.##
#............. _...
#............+ .♣##
#.###.....### ..
###.# #.....#
....###.....#
##....#.....
.####... .## ##.
..##


You could see a brain worm.

Vanquished Creatures
  A ribbon worm (D:5)
1 creature vanquished.

Notes
Turn   | Place    | Note
-------+----------+-------------------------------------------
     0 | D:5      | zenocrate the Kobold Delver began the quest for the Orb.
     0 | D:5      | Reached XP level 1. HP: 14/14 MP: 1/1
    30 | D:5      | Found a glowing golden altar of the Shining One.
    67 | D:5      | Found a snail-covered altar of Cheibriados.
    87 | D:5      | Found a shimmering altar of Xom.
    87 | D:5      | Noticed a brain worm
    93 | D:5      | Killed from afar by a brain worm

Illustrated notes

Levels and vault maps discovered:
D:5:      layout_basic, xom_butterflies, overflow_temple_1_default,
          slow_altar_1, tso_metal_star

Action                     || total
---------------------------++-------
  Melee: Short sword       ||     5
         Punch             ||     1
   Stab: Sleeping          ||     1
 Armour: Leather armour    ||     2
  Dodge: Dodged            ||     1
